 Dungeon Crawl Stone Soup version 0.32-a0-22-g6ae6769602 (webtiles) character file.

Game seed: 16076446802316946157

23791 Strat the Severer (level 13, -5/133 HPs)
             Began as an Oni Berserker on Jan 19, 2024.
             Was a High Priest of Trog.
             Slain by an ogre
             ... wielding a +0 giant club
             ... led by Lodul
              (27 damage)
             ... on level 12 of the Dungeon.
             The game lasted 00:20:39 (14199 turns).

Strat the Severer (Oni Berserker)                  Turns: 14199, Time: 00:20:39

Health: -5/133     AC: 12    Str: 28    XL:     13   Next: 9%
Magic:  13/13      EV:  9    Int:  8    God:    Trog [*****.]
Gold:   1035       SH:  0    Dex:  8    Spells: 12/12 levels left

rFire   . . .        a - +4 battleaxe (freeze)
rCold   + . .        (shield currently unavailable)
rNeg    + . .        z - +0 acid dragon scales
rPois   +            (helmet restricted)
rElec   .            r - +1 cloak {rPois}
rCorr   +            (gloves unavailable)
SInv    .            (boots unavailable)
Will    ++...        B - amulet of regeneration
Stlth   +            l - ring of protection from cold
HPRegen 1.22/turn    j - ring "Gusesmut" {Wiz rPois rN+ Will+}
MPRegen 0.13/turn

%: wizardry (x1)
@: no status effects
A: large, unfitting armour, horns 1, tough skin 1, double potion healing,
drunken brawling
a: Renounce Religion, Berserk, Trog's Hand, Brothers in Arms


You were on level 12 of the Dungeon.
You worshipped Trog.
Trog was extremely pleased with you.
You visited 1 branch of the dungeon, and saw 12 of its levels.
You also visited: Gauntlet.

You collected 1035 gold pieces.

Inventory:

Hand Weapons
 a - a +4 battleaxe of freezing (weapon)
 x - the +11 quarterstaff "Kehifuts" {flame, Dex+7}
   (You found it on level 7 of the Dungeon)

   Dex+7:     It affects your dexterity (+7).
Missiles
 d - 17 boomerangs
 h - a curare-tipped dart
 y - 11 large rocks (quivered)
 I - 6 javelins
Armour
 r - a +1 cloak of poison resistance (worn)
 z - +0 acid dragon scales (worn)
Jewellery
 j - the ring "Gusesmut" (right hand) {Wiz rPois rN+ Will+}
   (You found it in a Gauntlet)

   [ring of wizardry]

   Wiz:       It improves your spell success rate.
   rPois:     It protects you from poison rN+: It protects you from negative
   energy.
   Will+:     It increases your willpower.
 l - a ring of protection from cold (left hand)
 B - an amulet of regeneration (around neck)
 F - a +6 ring of strength
Wands
 k - a wand of polymorph (16)
 n - a wand of paralysis (21)
 u - a wand of acid (7)
 w - a wand of flame (14)
Scrolls
 c - 2 scrolls of fear
 e - a scroll of enchant weapon
 f - 7 scrolls of teleportation
 q - a scroll of fog
 v - 4 scrolls of poison
Potions
 b - a potion of brilliance {unknown}
 g - 2 potions of enlightenment
 i - 7 potions of curing
 m - 2 potions of resistance
 p - a potion of invisibility
 s - a potion of lignification
 t - a potion of berserk rage {unknown}
 A - a potion of attraction {unknown}
 C - a potion of degeneration {unknown}
 D - a potion of cancellation {unknown}
 G - a potion of haste {unknown}
 H - 2 potions of might
Miscellaneous
 J - a phantom mirror


   Skills:
 - Level 10.1 Fighting
 + Level 17.4 Axes
 - Level 10.0 Armour
 - Level 2.7 Dodging


You had 12 spell levels left.
You didn't know any spells.
Your spell library was empty.

Dungeon Overview and Level Annotations

Branches:
Dungeon (12/15)            Temple (0/1) D:7            Lair (0/5) D:9
    Orc (0/2) D:9         Gauntlet (visited)

Altars:
Gozag
Nemelex Xobeh
Okawaru
Ru
Sif Muna
Vehumet
Yredelemnul
The Shining One

Shops:
D:1 [   D:8 [   D:9 (

Annotations:
D:9 2 transporters
D:11 2 transporters, Nitisiyl's ghost, journeyman OpSh
D:12 1 transporter


Innate Abilities, Weirdness & Mutations

You are too large for most types of armour.
You have a pair of small horns on your head.
You have tough skin. (AC +1)
You gain doubled healing and magic from potions.
Whenever you drink a healing potion, you attack all around you.


Message History

An ogre comes into view. It is wielding a +0 giant club.
The skeletal warrior hits you with a +0 halberd!
You closely miss the skeletal warrior.
The skeletal warrior is severely damaged.
The ogre shouts!
You closely miss the skeletal warrior.
The skeletal warrior is severely damaged.
The skeletal warrior hits you with a +0 halberd!
* * * LOW HITPOINT WARNING * * *
You are too injured to fight recklessly!
You closely miss the skeletal warrior.
Your headbutt misses the skeletal warrior.
The skeletal warrior is severely damaged.
The skeletal warrior hits you with a +0 halberd!
* * * LOW HITPOINT WARNING * * *
You hit the skeletal warrior but do no damage.
The skeletal warrior is severely damaged.
The skeletal warrior barely misses you.
You barely miss the skeletal warrior.
The skeletal warrior is severely damaged.
The skeletal warrior hits you with a +0 halberd!
* * * LOW HITPOINT WARNING * * *
Unknown command.
You barely miss the skeletal warrior.
The skeletal warrior is severely damaged.
The skeletal warrior hits you with a +0 halberd!!
* * * LOW HITPOINT WARNING * * *
You slash the skeletal warrior! You freeze the skeletal warrior.
The skeletal warrior is almost destroyed.
You slice the skeletal warrior!! You freeze the skeletal warrior.
You destroy the skeletal warrior!
Trog accepts your kill.
You hit the ogre. You freeze the ogre.
The ogre hits you with a +0 giant club!!
* * * LOW HITPOINT WARNING * * *
The glass eye turns its gaze towards you.
Things that are here:
7 gold pieces; a +0 halberd The ogre hits you with a +0 giant club!!
You die...

..#.###.###.#'#.#####.#....###...
.........?....#.# #.#..........
..#####.#####.#.# #.#..........
.......[........#####.#..[......#
........................###......
#.###.###..............<# #.###.#
..............#.####....###.###.#
#.....###.......O................
#...............@................
#.#...#######.#.$################
.................#8..#.# #.#.#Q#
#.#...#########..#p..... .......
...........####..#K..##.##.##....
.................#g..... .....###
.................#8...8#...####
####.............###'####'## #
#..####.####....#::⌠#


You could see an ogre and a boggart.

Vanquished Creatures
  A minotaur (Gauntlet)
  Snorg (D:12)
  Josephine (D:12)
  3 two-headed ogres
  3 boulder beetles
  Lodul (D:12)
  2 skeletal warriors
  A deep elf pyromancer (D:12)
  A lightning spire (Gauntlet)
  4 cyclopes (D:11)
  2 manticores (D:11)
  3 ugly things (D:11)
  Joseph (D:9)
  2 unseen horrors
  2 kobold demonologists
  An efreet (Gauntlet)
  8 trolls
  A hornet (D:9)
  A raiju (Gauntlet)
  Prince Ribbit (D:7)
  A vampire (D:11)
  A shadow (D:10)
  2 wyverns (D:11)
  4 wraiths
  8 yaks
  2 fire elementals (Gauntlet)
  2 steam dragons (D:9)
  7 vampire mosquitoes
  4 acid dragons
  3 hell hounds (Gauntlet)
  A sky beast (D:6)
  6 orc warriors
  An ice beast (D:8)
  3 black bears
  6 ogres
  4 centaurs
  A phantom (D:6)
  3 kobold brigands
  4 bullfrogs
  A gnoll sergeant (D:7)
  3 scorpions
  5 wights (D:6)
  9 killer bees
  A howler monkey (D:7)
  3 jellies
  Crazy Yiuf (D:7)
  A bombardier beetle (D:5)
  3 hounds
  An orc priest (D:5)
  2 sleepcaps
  11 orc wizards
  2 iguanas (D:5)
  5 adders
  7 gnolls
  A shadow imp (D:6)
  3 white imps
  6 ufetubi (D:6)
  2 ribbon worms
  39 orcs
  5 bats
  7 endoplasms
  4 giant cockroaches
  5 goblins
  8 hobgoblins
  4 jackals
  18 kobolds
  A quokka (D:4)
  5 ball pythons
  3 frilled lizards
  3 rats
272 creatures vanquished.

Vanquished Creatures (others)
  Psyche (D:11)
1 creature vanquished.

Grand Total: 273 creatures vanquished

Notes
Turn   | Place    | Note
-------+----------+-------------------------------------------
     0 | D:1      | Strat the Oni Berserker began the quest for the Orb.
     0 | D:1      | Reached XP level 1. HP: 24/24 MP: 1/1
   162 | D:1      | Reached XP level 2. HP: 32/32 MP: 2/2
   475 | D:1      | Found Vysuol's Armour Shoppe.
   876 | D:2      | Reached XP level 3. HP: 27/40 MP: 3/3
  1185 | D:2      | Reached skill level 4 in Axes
  1251 | D:2      | Reached ** piety under Trog
  1474 | D:2      | Reached XP level 4. HP: 49/49 MP: 4/4
  1653 | D:3      | Reached skill level 5 in Fighting
  2207 | D:3      | Found a sacrificial altar of Ru.
  2213 | D:3      | Reached XP level 5. HP: 57/57 MP: 5/5
  2659 | D:5      | Entered Level 5 of the Dungeon
  2667 | D:5      | Reached skill level 5 in Axes
  2806 | D:4      | Found an opulent altar of Gozag.
  3021 | D:4      | Found a basalt altar of Yredelemnul.
  3262 | D:4      | Reached XP level 6. HP: 57/67 MP: 6/6
  3424 | D:5      | Noticed a black bear
  3431 | D:4      | Killed a black bear
  3432 | D:4      | Reached skill level 6 in Axes
  3626 | D:4      | Reached XP level 7. HP: 39/76 MP: 7/7
  3839 | D:5      | Reached *** piety under Trog
  4204 | D:5      | Reached skill level 7 in Axes
  5117 | D:6      | Reached XP level 8. HP: 81/88 MP: 8/8
  5182 | D:6      | Reached skill level 8 in Axes
  6427 | D:6      | Reached skill level 9 in Axes
  6890 | D:6      | Reached XP level 9. HP: 86/98 MP: 9/9
  7186 | D:7      | Found a staircase to the Ecumenical Temple.
  7849 | D:7      | Reached **** piety under Trog
  7917 | D:7      | Found a runed translucent door.
  7918 | D:7      | Noticed Crazy Yiuf
  7923 | D:7      | Killed Crazy Yiuf
  7924 | D:7      | Reached skill level 10 in Axes
  8001 | D:7      | Identified the +11 quarterstaff "Kehifuts" {flame, Dex+7}
  8067 | D:7      | Noticed Prince Ribbit
  8073 | D:7      | Killed Prince Ribbit
  8508 | D:8      | Reached skill level 10 in Fighting
  8777 | D:8      | Reached skill level 1 in Armour
  8926 | D:8      | Found a glowing golden altar of the Shining One.
  8967 | D:8      | Found Ulaa's Antique Armour Shoppe.
  9080 | D:9      | Noticed a freezing wraith
  9081 | D:9      | Found a radiant altar of Vehumet.
  9082 | D:9      | Found a transporter.
  9082 | D:9      | Found an iron altar of Okawaru.
  9082 | D:9      | Noticed a freezing wraith
  9085 | D:9      | Noticed an orb spider
  9092 | D:9      | Found a transporter.
  9101 | D:9      | Noticed a tarantella
  9120 | D:9      | a tarantella changed into a brain worm
  9124 | D:9      | a brain worm changed into a harpy
  9124 | D:9      | Noticed a harpy (shapeshifter)
  9140 | D:9      | a harpy changed into a rime drake
  9140 | D:9      | Noticed a rime drake (shapeshifter)
  9147 | D:9      | a rime drake changed into a troll
  9147 | D:9      | Noticed a troll (shapeshifter)
  9151 | D:9      | a troll changed into a hog
  9157 | D:9      | a hog changed into a queen bee
  9157 | D:9      | Noticed a queen bee (shapeshifter)
  9166 | D:9      | Noticed Joseph
  9175 | D:9      | Killed Joseph
  9176 | D:9      | Reached skill level 11 in Axes
  9276 | D:9      | You fall into a shaft and drop 1 floor!
  9276 | D:10     | Entered Level 10 of the Dungeon
  9327 | D:10     | Noticed a two-headed ogre
  9344 | D:10     | Killed a two-headed ogre
  9345 | D:10     | Reached XP level 10. HP: 106/110 MP: 10/10
  9565 | D:10     | Reached skill level 5 in Armour
  9590 | D:10     | Reached skill level 12 in Axes
  9628 | D:10     | Found a sparkling altar of Nemelex Xobeh.
 10234 | D:9      | Found a staircase to the Lair.
 10448 | D:9      | Found a staircase to the Orcish Mines.
 10450 | D:9      | Found Vaomajez's Weapon Emporium.
 11103 | D:9      | Reached XP level 11. HP: 117/117 MP: 11/11
 11361 | D:11     | Reached skill level 13 in Axes
 11397 | D:11     | Noticed an ice dragon
 11399 | D:11     | Noticed a boulder beetle
 11403 | D:11     | Noticed Nitisiyl's ghost (journeyman OpSh)
 11406 | D:11     | Noticed a green ugly thing
 11422 | D:11     | Killed a green ugly thing
 11435 | D:11     | Found a transporter.
 11439 | D:11     | Found a transporter.
 11444 | D:11     | Noticed a cyclops
 11452 | D:11     | Killed a cyclops
 11530 | D:11     | Noticed Psyche
 11549 | D:11     | Killed Psyche
 11950 | D:11     | Noticed a manticore
 11956 | D:11     | Noticed a cyclops
 11970 | D:11     | Killed a cyclops
 11984 | D:11     | Noticed a white ugly thing
 11990 | D:11     | Killed a white ugly thing
 11996 | D:11     | Noticed a cyclops
 12001 | D:11     | Noticed a two-headed ogre
 12010 | D:11     | Noticed a boulder beetle
 12030 | D:11     | Killed a two-headed ogre
 12048 | D:11     | Killed a cyclops
 12168 | D:11     | Reached skill level 14 in Axes
 12334 | D:11     | Killed a manticore
 12420 | D:11     | Noticed a manticore
 12426 | D:11     | Killed a manticore
 12493 | D:11     | Noticed a white ugly thing
 12494 | D:11     | Noticed a skeletal warrior
 12505 | D:11     | Killed a white ugly thing
 12513 | D:11     | Killed a skeletal warrior
 12514 | D:11     | Reached XP level 12. HP: 32/126 MP: 12/12
 12665 | D:11     | Killed a boulder beetle
 12752 | D:11     | Noticed a boulder beetle
 12773 | D:11     | Killed a boulder beetle
 12774 | D:11     | Reached skill level 15 in Axes
 12774 | D:11     | Reached skill level 10 in Armour
 12997 | D:12     | Reached ***** piety under Trog
 13012 | D:12     | Noticed a deep troll earth mage
 13014 | D:12     | Found a transporter.
 13017 | D:12     | Found a shimmering blue altar of Sif Muna.
 13021 | D:12     | Noticed an ogre mage
 13037 | D:12     | Noticed a boulder beetle
 13054 | D:12     | Killed a boulder beetle
 13129 | D:12     | Noticed Josephine
 13141 | D:12     | Killed Josephine
 13218 | D:12     | Noticed Snorg
 13223 | D:12     | Noticed a two-headed ogre
 13228 | D:11     | Killed a two-headed ogre
 13275 | D:12     | Killed Snorg
 13276 | D:12     | Reached skill level 16 in Axes
 13301 | D:12     | Found a gate leading to a gauntlet.
 13314 | Gauntlet | Entered a Gauntlet
 13314 | Gauntlet | Found a transporter.
 13314 | Gauntlet | Found a transporter.
 13314 | Gauntlet | Found a transporter.
 13318 | Gauntlet | Found a transporter.
 13321 | Gauntlet | Found a transporter.
 13326 | Gauntlet | Noticed a catoblepas
 13334 | Gauntlet | Found a transporter.
 13340 | Gauntlet | Found a transporter.
 13355 | Gauntlet | Found a transporter.
 13360 | Gauntlet | Found a transporter.
 13485 | Gauntlet | Identified the ring "Gusesmut" {Wiz rPois rN+ Will+}
 13511 | Gauntlet | Identified the ring of Coluvynn {Wiz MP+9}
 13563 | Gauntlet | Noticed a minotaur
 13575 | Gauntlet | Killed a minotaur
 13601 | Gauntlet | Found the +3 Mad Mage's Maulers {Infuse+∞ VampMP -Cast}
 13602 | Gauntlet | Found the +2 hood of the Assassin {Detect Stab+ Stlth++}
 13848 | D:12     | Noticed Lodul
 13859 | D:12     | Killed Lodul
 13860 | D:12     | Reached skill level 17 in Axes
 13860 | D:12     | Reached XP level 13. HP: 70/133 MP: 13/13
 14199 | D:12     | Slain by an ogre

Illustrated notes

Levels and vault maps discovered:
D:1:      dreamdust_arrival_beginning_and_end, layout_basic, serial_shops,
          nicolae_shop_rolling_square, chequers_garden
D:2:      layout_basic, nicolae_titane
D:3:      layout_loops_corners, nicolae_ru_great_annihilating_truth
D:4:      layout_rooms, nicolae_gozag_cash_rules_everything_around_me,
          lemuel_doored_altar
D:5:      layout_cave_pods
D:6:      layout_gridville
D:7:      layout_layer_cave, minmay_temple_entry_mini_moons,
          uniq_crazy_yiuf_cottage, uniq_prince_ribbit1
D:8:      layout_cave_pools, tso_oasis_becter, serial_shops, shop
D:9:      layout_basic, gammafunk_temple_overflow_arena, lair_entry_dummy,
          orc_david_3, enter_bailey_2, uniq_joseph
D:10:     layout_long_grid, overflow_temple_1_default,
          minmay_misc_feat_four_crosses
D:11:     kennysheep_windowed_halls, layout_long_grid, gammafunk_ghost_arena,
          uniq_psyche
D:12:     gammafunk_sealed_library, layout_basic, gauntlet_entry_generic,
          uniq_snorg, uniq_lodul, uniq_josephine

Skill      XL: |  1  2  3  4  5  6  7  8  9 10 11 12 |
---------------+-------------------------------------+-----
Axes           | 4 5 6 7 9 11 12 14 17 | 17.4
Fighting       | 5 6 7 9 10 | 10.1
Armour         | 4 7 9 10 | 10.0
Dodging        | |  2.7

Action                     |  1- 3 |  4- 6 |  7- 9 | 10-12 | 13-15 || total
---------------------------+-------+-------+-------+-------+-------++-------
  Melee: Hand axe          |    86 |   108 |   203 |       |       ||   397
         Headbutt          |    14 |    20 |    58 |    60 |     4 ||   156
         Punch             |       |       |     3 |       |       ||     3
         Battleaxe         |       |       |    82 |   321 |    28 ||   431
  Throw: Throwing net      |       |       |     2 |       |       ||     2
         Large rock        |       |       |       |     2 |       ||     2
 Invoke: Berserk           |       |       |     1 |     5 |       ||     6
  Evoke: Wand              |       |       |     3 |     2 |       ||     5
    Use: Scroll            |       |       |    12 |     7 |       ||    19
         Potion            |       |       |       |     4 |       ||     4
   Stab: Invisible         |       |     2 |       |     2 |       ||     4
         Paralysed         |       |     1 |       |       |       ||     1
 Armour: Animal skin       |    41 |    91 |   203 |       |       ||   335
         Acid dragon scale |       |       |    45 |   370 |    24 ||   439
  Dodge: Dodged            |    49 |    61 |   139 |   144 |     6 ||   399

Table legend: (Time is in decaauts)
 A = Elapsed time spent in this place.
 B = Non-inter-level travel time spent in this place.
 C = Inter-level travel time spent in this place.
 D = Time resting spent in this place.
 E = Time spent auto-exploring this place.
 F = Levels seen in this place.
 G = Mean time per level.
                   A        B        C        D        E       F      G
               +--------+--------+--------+--------+--------+-----+--------+
         Total |  14278 |  13756 |    522 |   2161 |   8796 |  13 | 1098.3 |
       Dungeon |  13970 |  13448 |    522 |   2041 |   8759 |  12 | 1164.2 |
      Gauntlet |    308 |    308 |      0 |    120 |     37 |   1 |  308.0 |
               +--------+--------+--------+--------+--------+-----+--------+

Top non-repeatable levels by time:
     D:6: 2006 daAuts
    D:11: 1626 daAuts
     D:5: 1460 daAuts
     D:7: 1320 daAuts
     D:9: 1304 daAuts
     D:4: 1086 daAuts
    D:10: 1011 daAuts
     D:3: 1003 daAuts
    D:12: 992 daAuts
     D:1: 853 daAuts
     D:2: 703 daAuts
     D:8: 602 daAuts
Gauntlet: 308 daAuts
